 Dungeon Crawl Stone Soup version 0.20.0-8-g6b59dc7 (webtiles) character file.

115 Gorglomux the Skirmisher (level 5, -5/32 HPs)
             Began as a Tengu Warper on May 31, 2017.
             Was an Initiate of Makhleb.
             Slain by an ogre
             ... wielding a +0 giant club
              (23 damage)
             ... on level 3 of the Dungeon.
             The game lasted 00:04:26 (2309 turns).

Gorglomux the Skirmisher (Tengu Warper)             Turns: 2309, Time: 00:04:27

Health: -5/32      AC: 11    Str: 11    XL:     5   Next: 0%
Magic:  9/9        EV:  3    Int: 14    God:    Makhleb [......]
Gold:   139        SH:  0    Dex: 14    Spells: 8/8 levels left

rFire    . . .     SeeInvis .   a - +0 spear
rCold    . . .     Gourm    .   (no shield)
rNeg     . . .     Faith    .   H - +0 plate armour
rPois    .         Spirit   .   (helmet restricted)
rElec    .         Reflect  .   (no cloak)
rCorr    .         Harm     .   (no gloves)
MR       .....                  (boots unavailable)
Stlth    ..........             r - amulet of regeneration
Regen    0.5/turn               (no ring)
MPRegen  0.2/turn               (no ring)

@: no status effects
A: beak, talons 3, able to fly 1
a: Fly, Renounce Religion


You were on level 3 of the Dungeon.
You worshipped Makhleb.
Makhleb was noncommittal.
You were not hungry.

You visited 1 branch of the dungeon, and saw 3 of its levels.

You collected 139 gold pieces.

Inventory:

Hand Weapons
 a - a +0 spear (weapon)
Missiles
 e - 5 tomahawks of dispersal (quivered)
Armour
 b - a +0 leather armour
 H - a +0 plate armour (worn)
Jewellery
 r - an amulet of regeneration (around neck)
 C - a +3 amulet of reflection
 L - an uncursed amulet of faith
Scrolls
 B - a scroll of blinking
 G - 2 scrolls of teleportation {unknown}
 I - a scroll of fog {unknown}
 O - a scroll of random uselessness {unknown}
 P - a scroll of noise {unknown}
 R - 3 scrolls of identify
 T - a scroll of remove curse {unknown}
Potions
 F - a potion of haste
 K - a potion of heal wounds
 N - 2 potions of resistance
 Q - 4 potions of curing
 S - 2 potions of mutation
Books
 c - a book of Spatial Translocations

   Spells                             Type                      Level
   a - Blink                          Translocation                2
   b - Shroud of Golubria             Charms/Translocation         2
   c - Lesser Beckoning               Translocation                3
   d - Gell's Gravitas                Translocation                3
   e - Teleport Other                 Translocation                3
   f - Passage of Golubria            Translocation                4
 M - a book of Misfortune

   Spells                             Type                      Level
   a - Confusing Touch                Hexes                        1
   b - Confuse                        Hexes                        3
   c - Gell's Gravitas                Translocation                3
   d - Petrify                        Transmutation/Earth          4
   e - Metabolic Englaciation         Hexes/Ice                    5
   f - Yara's Violent Unravelling     Hexes/Transmutation          5
Comestibles
 f - 3 bread rations
 z - 3 meat rations
 E - a fruit
 J - 5 chunks of flesh


   Skills:
 + Level 3.1 Fighting
 + Level 3.0 Polearms
 - Level 1.0 Throwing
 + Level 2.8 Armour
 + Level 3.1 Dodging
 - Level 2.0 Spellcasting
   Level 2.4 Translocations


You had 8 spell levels left.
You didn't know any spells.

Dungeon Overview and Level Annotations

Branches:
Dungeon (3/15)

Altars:
Makhleb


Innate Abilities, Weirdness & Mutations

You have a beak for a mouth.
You have claws for feet.
You can fly.


Message History

The jackal bites you but does no damage.
The ogre hits you with a giant club! The worm bites you but does no damage.
The adder bites you but does no damage. The worm barely misses you.
The ogre hits you with a giant club!
* * * LOW HITPOINT WARNING * * *
The adder barely misses you. The adder bites you but does no damage.
You see here a stone.
You see here a stone.
You see here a stone.
A kobold comes into view. It is wielding a short sword.
The kobold shouts!
The kobold hits you but does no damage.
An adder comes into view.
The adder hisses angrily.
There is a stone staircase leading up here.
The ogre hits you with a giant club!!
Ouch! That really hurt!
You die...

.##....... #..#
...###.### #..# .w##
..# #..####.### ...#
#.# #.S........ .h.#
#.####...### ...#
#.....h...h#
..#####..####..#S#
.(h(((.).#.....#O#
.######....##.)#@#
..# #....#....)#.#
..#####....#...#.#.#
......#....##.##.#.#
.####.#..........#.#
............#.##.#.#
.####.#..........#.#
.#..#.#.....#.##.#.##
<...#.#(....#.......#


You could see an ogre, an adder and a jackal.

Vanquished Creatures
  3 gnolls
  3 adders (D:2)
  2 worms
  A dart slug (D:1)
  3 leopard geckos
  2 giant cockroaches (D:1)
  3 goblins
  12 hobgoblins
  2 jackals (D:2)
  6 kobolds
  3 bats (D:2)
  A frilled lizard (D:1)
  9 rats
50 creatures vanquished.

Notes
Turn   | Place    | Note
-------+----------+-------------------------------------------
     0 | D:1      | Gorglomux the Tengu Warper began the quest for the Orb.
     0 | D:1      | Reached XP level 1. HP: 12/12 MP: 4/4
   235 | D:1      | Reached XP level 2. HP: 11/17 MP: 6/6
  1149 | D:2      | Reached XP level 3. HP: 16/22 MP: 7/7
  1562 | D:2      | Reached XP level 4. HP: 24/27 MP: 8/8
  1718 | D:2      | Found a burning altar of Makhleb.
  1864 | D:2      | Reached skill level 3 in Dodging
  1985 | D:2      | Became a worshipper of Makhleb the Destroyer
  2049 | D:2      | Reached skill level 3 in Fighting
  2099 | D:3      | Reached skill level 3 in Polearms
  2178 | D:3      | Gained mutation: You can fly. [Tengu growth]
  2178 | D:3      | Reached XP level 5. HP: 25/32 MP: 9/9
  2276 | D:3      | Noticed an ogre
  2309 | D:3      | Slain by an ogre

Skill      XL: |  1  2  3  4 |
---------------+-------------+-----
Armour         | 2 |  2.8
Dodging        | 3 |  3.1
Fighting       | 3 |  3.1
Polearms       | 3 |  3.0
Throwing       | |  1.0
Spellcasting   | |  2.0
Translocations | |  2.4

Action                   |  1- 3 |  4- 6 || total
-------------------------+-------+-------++-------
Melee: Spear             |   123 |    90 ||   213
       Kick              |    24 |    21 ||    45
       Peck              |    19 |     8 ||    27
  Use: Scroll            |       |     5 ||     5
  Eat: Chunk             |     2 |     3 ||     5
Armor: Leather armour    |     7 |       ||     7
       Plate armour      |    31 |    81 ||   112
Dodge: Dodged            |    32 |    14 ||    46
Block: Other             |       |     1 ||     1
